cohdb
Replays
Latest Replays
All Replays
Popular Replays
Top Player Replays
Match Explorer
How It Works
Community
CoH3 Stats
Reddit
Sign in to upload your games and track your stats! →
Sign in with Steam
Match 46806520
Unlisted
Match 46806520
Overview
Messages
Build Orders
End
Selects Italian Coastal Battlegroup
Selects Coastal Reserves
Pioneer Squad
Coastal Reserve
Coastal Reserve
Coastal Reserve
Medical Station
Construct Infanterie Kompanie
Construct Luftwaffe Kompanie
221 Scout Car
Flak 30 Anti-aircraft Gun Team
Jäger Squad
Support Elements
Selects Artillery Officer
Selects Coastal Wall
Wirbelwind Flakpanzer
Selects Support Bunkers
Selects Rapid Fortifications
Rapid Fortifications
Medical Bunker
Selects Bulwark
Wirbelwind Flakpanzer
Luftwaffe Officer Quarters
FeriG
Tonimontana
0
0
Comments
sign in to comment!
No comments posted yet!